 Dungeon Crawl Stone Soup version 0.21.1-1-g345015f (webtiles) character file.

715 Flooderbenga the Grave Robber (level 7, -6/51 HPs)
             Began as a Gnoll Necromancer on Apr 7, 2018.
             Mangled by a wight
             ... wielding a cursed +3 short sword
              (10 damage)
             ... on level 6 of the Dungeon.
             The game lasted 00:48:58 (1394 turns).

Flooderbenga the Grave Robber (Gnoll Necromancer)   Turns: 1394, Time: 00:48:59

Health: -6/51      AC:  3    Str: 14    XL:     7   Next: 69%
Magic:  15/15      EV: 15    Int: 22    God:
Gold:   116        SH:  7    Dex: 16    Spells: 7/17 levels left

rFire    . . .     SeeInvis .   s - staff of death
rCold    + + .     Gourm    +   p - +2 buckler of Cojeifon {rC++ Str+4 Int+3}
rNeg     + . .     Faith    .   i - +0 robe
rPois    .         Spirit   .   (no helmet)
rElec    .         Reflect  .   (no cloak)
rCorr    .         Harm     .   j - +0 pair of gloves
MR       .....                  (no boots)
Stlth    +++.......             m - amulet of the gourmand
HPRegen  0.17/turn              (no ring)
MPRegen  0.14/turn              (no ring)

@: drained
A: distributed training, fangs 1, strong nose
a: no special abilities


You were on level 6 of the Dungeon.
You were not hungry.

You visited 2 branches of the dungeon, and saw 8 of its levels.

You collected 116 gold pieces.

Inventory:

Hand Weapons
 a - a +0 dagger
 n - a +2 mace of protection
Missiles
 l - 12 stones (quivered)
Armour
 i - a +0 robe (worn)
 j - a +0 pair of gloves (worn)
 p - the +2 buckler of Cojeifon (worn) {rC++ Str+4 Int+3}
   (You found it on level 5 of the Dungeon)

   It affects your strength (+4).
   It affects your intelligence (+3).
   It greatly protects you from cold.
Magical Staves
 s - an uncursed staff of death (weapon)
Jewellery
 m - an amulet of the gourmand (around neck)
Scrolls
 d - a scroll of remove curse {@r2}
 g - a scroll of immolation
 h - a scroll of fog {@r4}
 k - 2 scrolls of teleportation {@r3}
 o - a scroll of magic mapping {unknown}
 r - 2 scrolls of enchant weapon {unknown}
Potions
 e - 4 potions of curing {@q1}
 f - a potion of lignification {unknown}
 q - a potion of heal wounds {@q2}
Books
 b - a book of Necromancy

   Spells                             Type                      Level
   a - Pain                           Necromancy                   1
   b - Animate Skeleton               Necromancy                   1
   c - Vampiric Draining              Necromancy                   3
   d - Regeneration                   Charms/Necromancy            3
   e - Animate Dead                   Necromancy                   4
   f - Borgnjor's Vile Clutch         Necromancy/Earth             5
Comestibles
 c - 5 rations


   Skills:
 + Level 2.6(2.3) Fighting
 + Level 2.6(2.3) Short Blades
 + Level 2.6(2.3) Long Blades
 + Level 2.6(2.3) Axes
 + Level 2.6(2.3) Maces & Flails
 + Level 2.6(2.3) Polearms
 + Level 2.6(2.3) Staves
 + Level 2.6(2.3) Slings
 + Level 2.6(2.3) Bows
 + Level 2.6(2.3) Crossbows
 + Level 2.6(2.3) Throwing
 + Level 2.6(2.3) Armour
 + Level 5.3(5.0) Dodging
 + Level 5.0(4.7) Stealth
 + Level 2.6(2.3) Shields
 + Level 2.6(2.3) Unarmed Combat
 + Level 5.6(5.3) Spellcasting
 + Level 2.1(1.8) Conjurations
 + Level 2.1(1.8) Hexes
 + Level 2.1(1.8) Charms
 + Level 2.1(1.8) Summonings
 + Level 7.4(7.1) Necromancy
 + Level 2.1(1.8) Translocations
 + Level 2.1(1.8) Transmutations
 + Level 2.1(1.8) Fire Magic
 + Level 2.1(1.8) Ice Magic
 + Level 2.1(1.8) Air Magic
 + Level 2.1(1.8) Earth Magic
 + Level 2.1(1.8) Poison Magic
 + Level 2.9(2.6) Invocations
 + Level 2.6(2.3) Evocations


You had 7 spell levels left.
You knew the following spells:

 Your Spells              Type           Power        Failure   Level  Hunger
a - Pain                  Necr           ####         1%          1    None
c - Borgnjor's Vile Clut  Necr/Erth      #####.....   45%         5    #####..
r - Regeneration          Chrm/Necr      #####.....   5%          3    ##.....
z - Animate Skeleton      Necr           N/A          1%          1    None


Dungeon Overview and Level Annotations

Branches:
Dungeon (7/15)             Temple (1/1) D:5

Altars:
Dithmenos
Elyvilon
Gozag
Kikubaaqudgha
Nemelex Xobeh
Okawaru
Qazlal
Ru
Sif Muna
Trog
Uskayaw
Yredelemnul

Annotations:
D:4 Verendum's ghost, amateur GrFi
D:5 exclusion: oklob sapling


Innate Abilities, Weirdness & Mutations

Your experience applies equally to all skills.
You have very sharp teeth.
Your uncanny sense of smell can sniff out nearby items.


Message History

The wight hits you with an enchanted short sword!
* * * LOW HITPOINT WARNING * * *
You partially resist.
You feel drained.
* * * LOW HITPOINT WARNING * * *
You hit the wight but do no damage. The shadow imp closely misses you.
The wight closely misses you.
You hit the wight but do no damage. You block the shadow imp's attack.
The wight closely misses you.
You hit the wight. The shadow imp closely misses you.
You block the wight's attack. The shadow imp closely misses you.
You closely miss the wight.
The wight hits you with an enchanted short sword.
* * * LOW HITPOINT WARNING * * *
You partially resist.
You feel drained. The shadow imp misses you.
You hit the wight but do no damage. You block the wight's attack.
The shadow imp hits you.
* * * LOW HITPOINT WARNING * * *
You hit the wight but do no damage.
The wight hits you with an enchanted short sword!
You die...

......# o...... #. #.....
#..... ... +.... #.....
..... #... .#.....
..(..###.. #.......
........# .# #....8..
........+ ..# ........
.##.....##.# ........
#....5@...#... .....##.
#.....z.)..............
#......####.....##.#...
##..............##.....
#................).._.
..##+##..................
...PP.....###............
.PP..........## ....##+..
...P.........# .........


You could see a wight and a shadow imp.

Vanquished Creatures
  Grinder (D:4)
  An orc warrior (D:6)
  A necrophage (D:6)
  A bullfrog (D:5)
  2 crimson imps
  A hound (D:3)
  An orc wizard (D:4)
  3 worker ants
  A worker ant zombie (D:6)
  3 adders
  An ooze (D:6)
  2 leopard geckos (D:4)
  9 orcs
  A ball python (D:4)
  2 giant cockroaches
  4 hobgoblins
  2 jackals (D:5)
  A kobold (D:2)
  A frilled lizard (D:2)
  A rat (D:3)
  A plant (D:5)
40 creatures vanquished.

Vanquished Creatures (collateral kills)
  An adder (D:5)
  A rat (D:2)
2 creatures vanquished.

Grand Total: 42 creatures vanquished

Notes
Turn   | Place    | Note
-------+----------+-------------------------------------------
     0 | D:1      | Flooderbenga the Gnoll Necromancer began the quest for the Orb.
     0 | D:1      | Reached XP level 1. HP: 13/13 MP: 6/6
    82 | D:2      | Reached XP level 2. HP: 14/20 MP: 2/7
    89 | D:2      | Learned a level 1 spell: Animate Skeleton
   230 | D:4      | Reached skill level 5 in Spellcasting
   230 | D:4      | Reached skill level 1 in Invocations
   230 | D:4      | Reached XP level 3. HP: 20/25 MP: 2/9
   265 | D:4      | Reached skill level 1 in Fighting
   265 | D:4      | Reached skill level 1 in Short Blades
   265 | D:4      | Reached skill level 1 in Long Blades
   265 | D:4      | Reached skill level 1 in Axes
   265 | D:4      | Reached skill level 1 in Maces & Flails
   265 | D:4      | Reached skill level 1 in Polearms
   265 | D:4      | Reached skill level 1 in Staves
   265 | D:4      | Reached skill level 1 in Slings
   265 | D:4      | Reached skill level 1 in Bows
   265 | D:4      | Reached skill level 1 in Crossbows
   265 | D:4      | Reached skill level 1 in Throwing
   265 | D:4      | Reached skill level 1 in Armour
   265 | D:4      | Reached skill level 1 in Shields
   265 | D:4      | Reached skill level 1 in Unarmed Combat
   265 | D:4      | Reached skill level 1 in Evocations
   265 | D:4      | Reached XP level 4. HP: 25/32 MP: 4/11
   313 | D:4      | Noticed Grinder
   440 | D:4      | Noticed Verendum's ghost (amateur GrFi)
   460 | D:3      | Reached skill level 1 in Conjurations
   460 | D:3      | Reached skill level 1 in Hexes
   460 | D:3      | Reached skill level 1 in Charms
   460 | D:3      | Reached skill level 1 in Summonings
   460 | D:3      | Reached skill level 1 in Translocations
   460 | D:3      | Reached skill level 1 in Transmutations
   460 | D:3      | Reached skill level 1 in Fire Magic
   460 | D:3      | Reached skill level 1 in Ice Magic
   460 | D:3      | Reached skill level 1 in Air Magic
   460 | D:3      | Reached skill level 1 in Earth Magic
   460 | D:3      | Reached skill level 1 in Poison Magic
   497 | D:4      | Reached XP level 5. HP: 36/37 MP: 12/12
   504 | D:4      | Found a white marble altar of Elyvilon.
   544 | D:3      | Found a shadowy altar of Dithmenos.
   571 | D:5      | Entered Level 5 of the Dungeon
   614 | D:5      | Learned a level 5 spell: Borgnjor's Vile Clutch
   651 | D:5      | Learned a level 3 spell: Regeneration
   690 | D:5      | Reached XP level 6. HP: 22/44 MP: 0/13
   853 | D:5      | Found a staircase to the Ecumenical Temple.
   988 | Temple   | Entered the Ecumenical Temple
  1078 | D:5      | Got a twisted buckler
  1084 | D:5      | Identified the +2 buckler of Cojeifon {rC++ Str+4 Int+3} (You found it on level 5 of the Dungeon)
  1108 | D:4      | Killed Grinder
  1108 | D:4      | Reached skill level 5 in Dodging
  1108 | D:4      | Reached XP level 7. HP: 41/50 MP: 3/15
  1216 | D:6      | Noticed a hand axe
  1216 | D:6      | Found a hide-covered altar of Uskayaw.
  1216 | D:6      | Noticed a hand axe
  1259 | D:6      | Reached skill level 5 in Stealth
  1394 | D:6      | Mangled by a wight

Skill      XL: |  1  2  3  4  5  6  7 |
---------------+----------------------+-----
Spellcasting   | 5 |  5.6
Invocations    | 1 2 |  2.9
Fighting       | 1 2 |  2.6
Short Blades   | 1 2 |  2.6
Long Blades    | 1 2 |  2.6
Axes           | 1 2 |  2.6
Maces & Flails | 1 2 |  2.6
Polearms       | 1 2 |  2.6
Staves         | 1 2 |  2.6
Slings         | 1 2 |  2.6
Bows           | 1 2 |  2.6
Crossbows      | 1 2 |  2.6
Throwing       | 1 2 |  2.6
Armour         | 1 2 |  2.6
Shields        | 1 2 |  2.6
Unarmed Combat | 1 2 |  2.6
Evocations     | 1 2 |  2.6
Conjurations   | 1 2 |  2.1
Hexes          | 1 2 |  2.1
Charms         | 1 2 |  2.1
Summonings     | 1 2 |  2.1
Translocations | 1 2 |  2.1
Transmutations | 1 2 |  2.1
Fire Magic     | 1 2 |  2.1
Ice Magic      | 1 2 |  2.1
Air Magic      | 1 2 |  2.1
Earth Magic    | 1 2 |  2.1
Poison Magic   | 1 2 |  2.1
Dodging        | 5 |  5.3
Stealth        | 5 |  5.0
Necromancy     | |  7.4

Action                   |  1- 3 |  4- 6 |  7- 9 || total
-------------------------+-------+-------+-------++-------
Melee: Dagger            |     3 |    59 |       ||    62
       Bite              |       |    18 |     6 ||    24
       Mace              |       |    46 |    28 ||    74
       Punch             |       |     4 |       ||     4
       Staff             |       |       |    15 ||    15
 Cast: Pain              |    23 |    33 |     5 ||    61
       Animate Skeleton  |     1 |     3 |       ||     4
       Regeneration      |       |     2 |       ||     2
       Borgnjor's Vile C |       |     2 |     2 ||     4
  Use: Scroll            |     2 |     4 |     1 ||     7
       Potion            |     1 |     2 |       ||     3
 Stab: Sleeping          |     2 |     1 |       ||     3
  Eat: Chunk             |       |     2 |       ||     2
       Ration            |       |       |     1 ||     1
Armor: Robe              |       |     7 |     5 ||    12
Dodge: Dodged            |     7 |    44 |    37 ||    88
Block: Buckler           |       |       |    18 ||    18
